 Dungeon Sprint DCSS version 0.18-a0-1303-g41c131c (webtiles) character file.

200 nuthulu the Sneak (level 5, -18/48 HPs)
             Began as a Vine Stalker Monk on Feb 12, 2016.
             Was a Priest of Okawaru.
             Demolished by an orc warrior
             ... wielding a +0 dire flail
              (20 damage)
             ... in the Dungeon (Sprint VII: "The Pits").
             The game lasted 00:01:45 (458 turns).

nuthulu the Sneak (Vine Stalker Monk)                Turns: 458, Time: 00:01:46

Health: -18/48     AC: 10    Str: 18    XL:     5   Next: 78%
Magic:  0/6        EV: 17    Int: 10    God:    Okawaru [***...]
Gold:   0          SH:  0    Dex: 18    Spells: 0 memorised, 4 levels left

rFire  . . .     SeeInvis .       - Unarmed
rCold  . . .     Gourm    .     d - +3 scale mail
rNeg   . . .     Faith    .     (no shield)
rPois  .         Spirit   +     (no helmet)
rElec  .         Dismiss  .     (no cloak)
rCorr  .         Reflect  .     (no gloves)
SustAt .         Harm     .     (no boots)
MR     .....     NoTele   +     (no amulet)
Stlth  ..........               (no ring)
                                (no ring)

@: berserking, heroism, very slightly contaminated, hasted, very quick, not
resistant to hostile enchantments, extremely unstealthy
A: fangs 2, regeneration 1, magic shield, antimagic bite, no device heal 3, rot
immunity
a: Heroism, Renounce Religion


You were in the Dungeon.
You worshipped Okawaru.
Okawaru was most pleased with you.
You were not hungry.

You visited 1 branch

Inventory:

Armour
 a - a +0 robe
 d - a +3 scale mail (worn)
Scrolls
 h - a scroll of blinking
 l - 3 scrolls of remove curse
 m - 5 scrolls of amnesia
 n - a scroll of summoning
Potions
 c - 6 potions of curing
 f - 4 potions of magic
 g - 2 potions of berserk rage
 k - 2 potions of invisibility
Comestibles
 b - 8 bread rations
 i - 40 fruits
 j - 7 meat rations


   Skills:
 + Level 5.9(10.9) Fighting
 + Level 1.2(6.2) Armour
 + Level 5.3(10.3) Dodging
 - Level 7.3(12.3) Stealth
 + Level 7.0(12.0) Unarmed Combat


You had 4 spell levels left.
You didn't know any spells.

Dungeon Overview and Level Annotations

Branches:
Dungeon (1/1)

Altars:
Ashenzari
Cheibriados
Dithmenos
Elyvilon
Fedhas
Gozag
Kikubaaqudgha
Makhleb
Nemelex Xobeh
Okawaru
Pakellas
Qazlal
Ru
Sif Muna
Trog
Vehumet
Xom
Yredelemnul
Zin
The Shining One
Beogh
Jiyva
Lugonu


Innate Abilities, Weirdness & Mutations

You have extremely sharp teeth.
Your natural rate of healing is unusually fast.
When hurt, damage is shared between your health and your magic reserves.
Your bite disrupts and absorbs the magic of your enemies.
Potions and wands cannot restore your health.
You are immune to rotting.


Message History

The orc priest mumbles some strange prayers to Beogh against you.
You struggle to resist.
You are very lightly contaminated with residual magic.
Unknown command.
Drink which item? (? for menu, Esc to quit)
A red film seems to cover your vision as you go berserk!
You feel yourself moving faster!
You feel mighty!
The orc warrior hits you with a dire flail!
* * * LOW HITPOINT WARNING * * *
The orc priest barely misses you.
Unknown command.
You pummel the orc priest!!
You kill the orc priest!
Okawaru accepts your kill.
Your base Armour skill increases to level 1!
Your base Unarmed Combat skill increases to level 7!
You closely miss the orc warrior. Your bite misses the orc warrior.
The orc warrior is moderately wounded.
The orc warrior hits you with a dire flail!!
You die...

#__________#
#_#####'##########
#_#)))'.'..##.....
#_#)))#.#?(##.....
#######'#####.....
#.†.........'.....
#'#####'#####.....
#o#...#.#[.##.....
#@#...#.#))#####'#
#)#...'.#))##.....
#.##'####))##.....
#.#.....#!.##.....
#.#.....#'###...<.
#.#...†....##.....
#.#........##.....
#'###########.....
#.g ######


You could see an orc warrior.

Vanquished Creatures
  A hungry ghost (D)
  An orc priest (D)
  2 river rats (D)
  An adder (D)
  An adder zombie (D)
  An adder skeleton (D)
  2 orcs (D)
  A goblin (D)
  2 jackals (D)
  A quokka (D)
13 creatures vanquished.

Notes
Turn   | Place    | Note
--------------------------------------------------------------
     0 | D        | nuthulu the Vine Stalker Monk began the quest for the Orb.
     0 | D        | Reached XP level 1. HP: 11/11 MP: 2/2
    36 | D        | Found a sacrificial altar of Ru.
    36 | D        | Found a basalt altar of Yredelemnul.
    36 | D        | Found a glowing golden altar of the Shining One.
    36 | D        | Found a deep blue altar of Sif Muna.
    36 | D        | Found a burning altar of Makhleb.
    36 | D        | Found an ancient bone altar of Kikubaaqudgha.
    36 | D        | Found a glowing silver altar of Zin.
    37 | D        | Found a shadowy altar of Dithmenos.
    37 | D        | Found a bloodstained altar of Trog.
    37 | D        | Found a shattered altar of Ashenzari.
    37 | D        | Found a white marble altar of Elyvilon.
    37 | D        | Found a snail-covered altar of Cheibriados.
    37 | D        | Found a blossoming altar of Fedhas.
    37 | D        | Found a radiant altar of Vehumet.
    37 | D        | Found a shimmering altar of Xom.
    37 | D        | Found a sparkling altar of Nemelex Xobeh.
    37 | D        | Found a corrupted altar of Lugonu.
    37 | D        | Found a viscous altar of Jiyva.
    37 | D        | Found a roughly hewn altar of Beogh.
    37 | D        | Found an iron altar of Okawaru.
    38 | D        | Found an oddly glowing altar of Pakellas.
    43 | D        | Found a stormy altar of Qazlal.
    43 | D        | Found an opulent altar of Gozag.
    45 | D        | Became a worshipper of Warmaster Okawaru
    45 | D        | Reached * piety under Okawaru
    45 | D        | Reached ** piety under Okawaru
    68 | D        | Reached XP level 2. HP: 14/16 MP: 3/3
   104 | D        | Noticed a hungry ghost
   123 | D        | Reached XP level 3. HP: 18/21 MP: 4/4
   142 | D        | Reached skill level 5 in Unarmed Combat
   157 | D        | Killed a hungry ghost
   157 | D        | Reached *** piety under Okawaru
   157 | D        | Reached skill level 5 in Fighting
   157 | D        | Reached skill level 5 in Dodging
   157 | D        | Reached skill level 7 in Stealth
   157 | D        | Reached XP level 4. HP: 2/27 MP: 2/5
   157 | D        | Reached XP level 5. HP: 2/30 MP: 2/6
   353 | D        | Noticed a deep elf mage
   438 | D        | Noticed an orc warrior
   456 | D        | HP: 2/48 [orc warrior/dire flail (8)]
   457 | D        | Reached skill level 1 in Armour
   458 | D        | Demolished by an orc warrior

Vault maps used:
D:        pitsprint

Action                   |  1- 3 |  4- 6 || total
-------------------------+-------+-------++-------
Melee: Unarmed           |    46 |    19 ||    65
Invok: Heroism           |     1 |     2 ||     3
  Use: Potion            |       |     2 ||     2
 Stab: Sleeping          |     3 |       ||     3
       Distracted        |       |     1 ||     1
  Eat: Chunk             |       |     3 ||     3
